Map: Thunderbird LE

Players

Future - Winner!

  • Race: Terran Terran
  • Spawn Location: 11:00

ShaDoWn

  • Race: Protoss Protoss
  • Spawn Location: 5:00

Event: 2019 WCS Summer

VOD

Have the link to the VOD?

Description

Time

  • Played on: July 13, 2019, 7:43 a.m.
  • Length: 9:46

All games in this series

Show
View Real Time Build Order
Export as new Build Order

Future Terran - Winner!

Build Orders:  

Get SALT Encoding   

  12  0:00  SCV  
  13  0:12  SCV  
  14  0:17  Supply Depot  
  14  0:24  SCV  
  15  0:38  SCV  
  15  0:39  Barracks  
  16  0:44  Refinery  
  16  0:50  SCV  
  17  1:03  SCV  
  18  1:15  SCV  
  19  1:26  Marine  
  19  1:27  Orbital Command  
  20  1:40  Command Center  
  20  1:51  Factory  
  20  1:54  SCV  
  21  2:05  Barracks Reactor  
  21  2:06  SCV  
  22  2:09  Supply Depot  
  22  2:13  Refinery  
  22  2:18  SCV  
  23  2:31  SCV  
  24  2:40  Starport  
  24  2:43  SCV  
  25  2:47  Hellion x2  
  29  2:53  Orbital Command  
  29  2:55  SCV  
  30  3:07  SCV  
  30  3:09  Barracks Tech Lab, Hellion x2  
  35  3:16  Medivac  
  35  3:19  SCV x2  
  39  3:23  Supply Depot  
  39  3:31  SCV x2  
  41  3:37  Marine x2  
  41  3:40  Cyclone  
  43  3:49  Viking  
  43  3:55  Marine  
  44  3:56  Marine  
  44  4:01  SCV x2  
  46  4:13  SCV  
  43  4:17  Marine x2  
  43  4:18  Cyclone  
  43  4:20  SCV  
  43  4:23  Viking  
  51  4:25  SCV  
  52  4:32  SCV  
  52  4:35  Marine x2  
  52  4:37  SCV  
  56  4:43  Supply Depot  
  56  4:44  SCV  
  57  4:49  SCV  
  58  4:54  Marine x2  
  58  4:55  Viking  
  62  5:01  Supply Depot  
  62  5:05  SCV x2, Cyclone  
  67  5:12  Marine x2  
  69  5:17  SCV  
  70  5:22  Command Center, SCV  
  70  5:27  Supply Depot  
  71  5:33  SCV  
  71  5:34  SCV  
  73  5:43  Stimpack, Marine  
  73  5:44  Factory Tech Lab  
  73  5:46  SCV  
  74  5:55  SCV  
  75  5:59  SCV  
  75  6:02  Barracks, Marine  
  77  6:04  Siege Tank, Barracks  
  77  6:07  SCV  
  81  6:11  Barracks x2  
  81  6:12  SCV  
  81  6:17  Supply Depot  
  82  6:19  SCV, Starport Reactor  
  82  6:20  Marauder  
  82  6:22  Refinery  
  82  6:24  Refinery, SCV  
  86  6:31  Engineering Bay  
  86  6:38  SCV  
  87  6:40  Orbital Command, SCV  
  88  6:50  Marine x2, SCV  
  88  6:51  Marauder  
  88  6:52  SCV  
  89  6:56  Medivac x2  
  83  7:03  Barracks Tech Lab, SCV  
  83  7:04  SCV  
  83  7:06  SCV  
  83  7:08  Terran Infantry Weapons Level 1  
  84  7:12  Marauder  
  84  7:15  SCV  
  81  7:16  SCV  
  81  7:18  Barracks Tech Lab, SCV  
  81  7:26  Marine x2, Marauder  
  81  7:27  SCV  
  81  7:28  SCV  
  87  7:31  Siege Tank  
  87  7:32  SCV  
  87  7:33  Marauder  
  92  7:39  SCV, Medivac  
  92  7:40  SCV  
  92  7:41  Marauder, Barracks Reactor  
  92  7:43  Marine  
  92  7:44  Marine, SCV  
  94  7:47  Marauder  
  99  7:51  SCV, Medivac  
  99  7:52  SCV  
  99  7:54  Marine  
  99  7:55  Refinery x2, Supply Depot  
  99  7:56  SCV  
  104  8:01  Concussive Shells  
  104  8:03  Supply Depot  
  104  8:04  SCV x2  
  106  8:06  Combat Shield  
  106  8:08  SCV  
  106  8:10  Marauder, Supply Depot x2  
  109  8:16  Marine x3  
  109  8:17  Marauder  
  114  8:21  SCV x3  
  114  8:24  Marine x2  
  114  8:31  Marauder  
  114  8:33  SCV x2  
  114  8:34  Marine x2, Medivac x2  
  122  8:35  Marauder  
  122  8:38  Marauder  
  130  8:41  Marine  
  130  8:44  Siege Tank  
  130  8:45  Marine  
  133  8:50  Supply Depot  
  133  8:51  Supply Depot  
  133  8:53  Marauder  
  133  8:54  Marine x2, Supply Depot  
  137  8:56  Marauder  
  137  9:00  Marauder  
  140  9:04  Marine  
  140  9:06  Marine  
  141  9:11  Medivac x2  
  141  9:12  Marine x2  
  141  9:14  Marauder  
  147  9:18  Marauder  
  147  9:21  Marauder  
  147  9:22  Marine  
  140  9:24  Marine  
  145  9:36  Command Center  
Show
View Real Time Build Order
Export as new Build Order

ShaDoWn Protoss 

Build Orders: 1 Gate Expand, Oracle Opening 

Get SALT Encoding   

  12  0:00  Probe  
  13  0:12  Probe  
  14  0:17  Pylon  
  14  0:25  Probe  
  14  0:27  Assimilator  
  15  0:34  Probe  
  15  0:42  Probe, Gateway  
  17  0:51  Probe  
  18  1:03  Probe  
  19  1:15  Probe  
  20  1:22  Nexus  
  20  1:31  Cybernetics Core  
  20  1:35  Probe  
  21  1:40  Assimilator  
  21  1:47  Probe  
  22  1:54  Pylon  
  22  1:59  Probe  
  23  2:02  Adept  
  23  2:12  Probe, Stargate  
  26  2:19  Warp Gate  
  26  2:24  Probe  
  27  2:32  Adept  
  27  2:36  Probe  
  30  2:37  Probe  
  30  2:44  Probe  
  30  2:45  Probe  
  30  2:50  Oracle  
  32  2:52  Probe  
  32  2:53  Probe  
  37  3:03  Probe  
  37  3:04  Probe  
  39  3:13  Pylon  
  39  3:15  Probe, Adept  
  39  3:16  Probe  
  43  3:27  Probe, Oracle  
  43  3:28  Probe  
  48  3:34  Gateway  
  48  3:39  Probe  
  48  3:40  Probe  
  50  3:48  Shield Battery  
  50  3:51  Probe  
  51  3:56  Probe  
  51  4:01  Gateway  
  52  4:03  Probe  
  52  4:08  Stalker, Probe  
  53  4:13  Phoenix  
  53  4:21  Pylon  
  54  4:37  Probe  
  54  4:39  Probe  
  54  4:41  Assimilator  
  54  4:43  Assimilator  
  54  4:44  Nexus  
  56  4:45  Probe  
  56  4:51  Probe  
  58  4:56  Stalker x3  
  61  5:01  Probe  
  61  5:05  Pylon  
  61  5:06  Pylon  
  62  5:07  Shield Battery  
  62  5:14  Pylon  
  62  5:23  Probe x2  
  62  5:24  Pylon  
  62  5:27  Forge, Twilight Council  
  64  5:31  Sentry  
  64  5:33  Probe  
  67  5:36  Probe  
  67  5:41  Probe  
  68  5:48  Probe  
  68  5:49  Probe  
  70  5:54  Probe  
  71  6:00  Probe  
  71  6:01  Probe  
  71  6:02  Probe  
  72  6:06  Blink  
  73  6:11  Gateway  
  73  6:12  Probe x2, Gateway  
  73  6:13  Sentry, Gateway, Probe  
  73  6:18  Stalker  
  80  6:20  Protoss Ground Weapons Level 1  
  80  6:24  Probe, Robotics Facility  
  82  6:27  Zealot  
  82  6:29  Shield Battery  
  83  6:35  Shield Battery, Pylon  
  83  6:37  Stalker  
  83  6:38  Probe  
  83  6:39  Probe  
  87  6:40  Assimilator  
  85  6:49  Stalker x2  
  79  6:54  Stalker  
  79  6:57  Probe  
  72  7:05  Probe  
  72  7:07  Stalker x3  
  65  7:09  Probe x2  
  65  7:11  Zealot  
  57  7:17  Zealot  
  57  7:19  Probe, Zealot  
  55  7:24  Probe  
  51  7:31  Stalker x4  
  56  7:39  Zealot x2, Probe  
  56  7:40  Probe x2  
  60  7:47  Probe  
  60  7:48  Probe x2  
  60  7:50  Assimilator  
  58  7:56  Stalker x2, Probe  
  65  7:59  Stalker  
  65  8:00  Probe x2  
  65  8:01  Observer  
  71  8:08  Probe  
  71  8:12  Probe x2  
  74  8:14  Stalker  
  74  8:16  Stalker  
  75  8:20  Probe  
  75  8:24  Probe x2  
  77  8:29  Immortal  
  77  8:32  Probe  
  78  8:36  Probe x2  
  80  8:47  Sentry x2, Shield Battery  
  80  8:48  Zealot x4, Shield Battery  
  92  8:50  Shield Battery  
  76  9:10  Zealot  
  76  9:11  Stalker x4, Zealot  
  64  9:31  Stalker x2  
  64  9:34  Stalker x5  
Tags
 
Add a new tag
Caveats
  • Supply blocks, unpowered buildings, or Contaminate may cause inaccurate times.
  • Supply counts are checked every 10 seconds.